 Dungeon Crawl Stone Soup version 0.30-a0-360-g447f08457e (webtiles) character file.

Game seed: 1965090831511991714

2916 oldriver the Thaumaturge (level 9, -1/63 HPs)
             Began as a Mummy Necromancer on Nov 14, 2022.
             Was a Follower of Hepliaklqana.
             Slain by Erica
             ... wielding a +3 scimitar of flaming
              (6 damage)
             ... on level 8 of the Dungeon.
             The game lasted 00:13:58 (7620 turns).

oldriver the Thaumaturge (Mummy Necromancer)        Turns: 7620, Time: 00:13:59

Health: -1/63      AC:  5    Str: 12    XL:     9   Next: 50%
Magic:  4/24       EV: 11    Int: 18    God:    Hepliaklqana [*.....]
Gold:   365        SH: 10    Dex: 12    Spells: 17/30 levels left

rFire   x . .      SeeInvis .    o - +4 spear (freeze)
rCold   + + .      Faith    +    r - +2 buckler
rNeg    + + +      Spirit   .    a - +0 robe
rPois   ∞          Reflect  +    (no helmet)
rElec   .          Harm     .    (no cloak)
rCorr   .          Rampage  .    k - +0 pair of gloves
Will    +....                    i - +1 pair of boots
Stlth   +.........               p - amulet of reflection
HPRegen 0.30/turn                b - ring of protection from cold
MPRegen 0.19/turn                (no ring)

@: silenced, animating dead
A: reduced essence, cold resistance 1, negative energy resistance 3, torment
resistance 2, heat vulnerability 1, in touch with death 1, no potions, faith
a: Renounce Religion


You were on level 8 of the Dungeon.
You worshipped Hepliaklqana.
Hepliaklqana was aware of your devotion.
You visited 2 branches of the dungeon, and saw 9 of its levels.

You collected 365 gold pieces.

Inventory:

Hand Weapons
 o - a +4 spear of freezing (weapon)
Armour
 a - a +0 robe (worn)
 i - a +1 pair of boots (worn)
 k - a +0 pair of gloves (worn)
 r - a +2 buckler (worn)
Jewellery
 b - a ring of protection from cold (left hand)
 p - an amulet of reflection (around neck)
 s - a ring of protection from cold
Wands
 h - a wand of iceblast (5)
Scrolls
 c - 2 scrolls of teleportation
 d - a scroll of enchant armour {unknown}
 e - 3 scrolls of noise {unknown}
 f - a scroll of torment {unknown}
 g - a scroll of silence
 j - 2 scrolls of fear
 l - a scroll of immolation {unknown}
 m - a scroll of vulnerability
 n - a scroll of poison
 q - 3 scrolls of identify


   Skills:
 + Level 6.4 Fighting
 + Level 2.0 Polearms
 - Level 1.5 Dodging
 - Level 1.5 Stealth
 * Level 11.2 Spellcasting
 + Level 7.6 Necromancy


You had 17 spell levels left.
You knew the following spells:

 Your Spells              Type           Power      Damage    Failure   Level
a - Necrotise             Necr           100%       1d9       1%          1
b - Vampiric Draining     Necr           54%        2d9       1%          3
c - Animate Dead          Necr           54%        N/A       4%          4
d - Agony                 Necr           54%        N/A       12%         5

Your spell library contained the following spells:

 Spells                   Type           Power      Damage    Failure   Level
 Petrify                  Tmut/Erth      10%        N/A       67%         4
 Metabolic Englaciation   Hex/Ice        5%         N/A       95%         5
 Statue Form              Tmut/Erth      Unusable   N/A       N/A         6

Dungeon Overview and Level Annotations

Branches:
Dungeon (8/15)             Temple (1/1) D:6
   Lair: D:8-11

Altars:
Ashenzari
Cheibriados
Dithmenos
Fedhas
Gozag
Hepliaklqana
Kikubaaqudgha
Makhleb
Nemelex Xobeh
Okawaru
Qazlal
Ru
Sif Muna
Trog
Uskayaw
Vehumet
Wu Jian
Xom
Yredelemnul

Shops:
D:1 [   D:4 *

Annotations:
D:8 Erica


Innate Abilities, Weirdness & Mutations

Your life essence is reduced to manifest your ancestor. (-10% HP)
You are immune to poison.
Your flesh is cold resistant. (rC+)
You are immune to negative energy. (rN+++)
You are immune to unholy pain and torment.
You are vulnerable to heat. (rF-)
You are in touch with the powers of death.
You do not drink.
You have a special connection with the divine. (Faith)


Message History

Your orc zombie barely misses Erica.
You block Erica's attack.
You barely miss Erica.
Erica is heavily wounded.
Your orc zombie hits Erica but does no damage.
Erica hits your orc zombie with a +3 scimitar of flaming!
Erica burns your orc zombie.
Your orc zombie is destroyed!
You barely miss Erica.
Erica is heavily wounded.
Erica barely misses you.
You hit Erica but do no damage.
Erica is heavily wounded.
You block Erica's attack.
You barely miss Erica.
Erica is heavily wounded.
Erica hits you with a +3 scimitar of flaming!
* * * LOW HITPOINT WARNING * * *
Erica burns you.
* * * LOW HITPOINT WARNING * * *
Unknown command.
Magic scrolls do not work when you're silenced!
You hit Erica. You freeze Erica.
Erica is heavily wounded.
You block Erica's attack.
You hit Erica but do no damage.
Erica is heavily wounded.
Erica closely misses you.
You barely miss Erica.
Erica is heavily wounded.
You block Erica's attack.
You closely miss Erica.
Erica is heavily wounded.
Erica barely misses you.
You hit Erica but do no damage.
Erica is heavily wounded.
Erica closely misses you.
You hit Erica. You freeze Erica.
Erica is severely wounded.
Erica hits you with a +3 scimitar of flaming.
You die...

#......##.....#|#
#.............#R##
+........#'##.....
#......).#.##.....
###..Z.Z.#.##.....
#..Z####.##.....
#....# #.##....(
######.###.##.....
#@@........###..##
+....####.#####
..## ###### #..#
..>$. #######


You could see Erica.

Vanquished Creatures
  A two-headed ogre (D:7)
  Menkaure (D:5)
  Edmund (D:5)
  3 water moccasins (D:6)
  An ogre (D:6)
  A kobold brigand (D:7)
  2 bullfrogs
  2 gnoll sergeants
  3 scorpions
  A howler monkey (D:6)
  2 electric eels (D:6)
  A hound (D:5)
  2 jellies
  7 iguanas
  5 orc wizards
  7 gnolls
  11 adders
  A shadow imp (D:6)
  A white imp (D:7)
  An ufetubus (D:6)
  2 worms (D:5)
  2 dart slugs
  21 orcs
  4 ball pythons
  4 bats
  2 endoplasms
  6 giant cockroaches
  4 goblins
  4 hobgoblins
  2 jackals (D:3)
  3 quokkas
  5 frilled lizards
  9 kobolds
  4 rats
126 creatures vanquished.

Vanquished Creatures (collateral kills)
  An ice beast (D:5)
  An orc warrior (D:7)
  A centaur (D:7)
  A bullfrog (D:7)
  An electric eel (D:6)
  An orc wizard (D:7)
  2 gnolls
  An adder (D:6)
  4 orcs
  4 kobolds (D:7)
17 creatures vanquished.

Vanquished Creatures (others)
  A water moccasin zombie (D:6)
  A bullfrog zombie (D:7)
  4 ancestors
  A jelly zombie (D:7)
  An adder zombie (D:6)
  A gnoll zombie (D:7)
  5 orc zombies
  7 plants (D:6)
21 creatures vanquished.

Grand Total: 164 creatures vanquished

Notes
Turn   | Place    | Note
-------+----------+-------------------------------------------
     0 | D:1      | oldriver the Mummy Necromancer began the quest for the Orb.
     0 | D:1      | Reached XP level 1. HP: 13/13 MP: 4/4
   102 | D:1      | Reached skill level 3 in Spellcasting
   146 | D:1      | Reached XP level 2. HP: 20/20 MP: 1/6
   562 | D:1      | Found Qostymm's Armour Boutique.
   781 | D:1      | Reached skill level 1 in Fighting
  1018 | D:2      | Gained mutation: You are in touch with the powers of death.
                  | [Mummy growth]
  1018 | D:2      | Reached XP level 3. HP: 26/26 MP: 1/8
  1245 | D:2      | Reached skill level 4 in Spellcasting
  1528 | D:2      | Reached XP level 4. HP: 29/32 MP: 5/10
  2665 | D:4      | Found Sih Muok's Assorted Antiques.
  2772 | D:4      | Reached skill level 5 in Spellcasting
  2772 | D:4      | Reached XP level 5. HP: 33/38 MP: 5/12
  2890 | D:4      | Learned a level 3 spell: Vampiric Draining
  2895 | D:4      | Learned a level 4 spell: Animate Dead
  3206 | D:5      | Entered Level 5 of the Dungeon
  3412 | D:5      | Reached skill level 5 in Necromancy
  3412 | D:5      | Reached XP level 6. HP: 46/46 MP: 11/14
  3444 | D:5      | Reached skill level 6 in Spellcasting
  3550 | D:5      | Noticed Edmund
  3567 | D:5      | Killed Edmund
  3753 | D:5      | Reached XP level 7. HP: 52/52 MP: 14/17
  3757 | D:5      | Reached skill level 7 in Spellcasting
  3858 | D:5      | Found a radiant altar of Vehumet.
  4003 | D:5      | Noticed Menkaure
  4013 | D:5      | Killed Menkaure
  4226 | D:5      | Found a blossoming altar of Fedhas.
  4229 | D:5      | Found a shadowy altar of Dithmenos.
  4294 | D:6      | Found a staircase to the Ecumenical Temple.
  4302 | D:6      | Reached skill level 8 in Spellcasting
  4310 | Temple   | Entered the Ecumenical Temple
  4427 | Temple   | Became a worshipper of Hepliaklqana the Forgotten
  4836 | D:6      | Reached XP level 8. HP: 61/61 MP: 14/20
  5199 | D:6      | Reached skill level 9 in Spellcasting
  5267 | D:6      | Reached skill level 5 in Fighting
  5422 | D:6      | Reached * piety under Hepliaklqana
  6392 | D:7      | Reached skill level 1 in Polearms
  6409 | D:7      | Reached skill level 10 in Spellcasting
  6549 | D:7      | Reached XP level 9. HP: 37/61 MP: 14/23
  6676 | D:7      | Noticed a two-headed ogre
  6892 | D:7      | Killed a two-headed ogre
  7126 | D:7      | Reached skill level 11 in Spellcasting
  7193 | D:7      | Identified the +4 hand axe of Lete {flame, Dex+6}
  7525 | D:7      | Learned a level 5 spell: Agony
  7589 | D:8      | Noticed Erica
  7614 | D:8      | HP: 3/63 [Erica/+3 scimitar of flaming (3)]
  7620 | D:8      | Slain by Erica

Illustrated notes

Levels and vault maps discovered:
D:1:      elethiomel_arrival_shortcut, layout_basic, serial_shops, shop
D:2:      layout_rooms, st_stairs_10
D:3:      layout_loops_ring
D:4:      layout_cave_pools, serial_shops, shop, minivault_23, fountainhead,
          minmay_misc_feat_encased
D:5:      layout_cave_pools, nicolae_overflow_squiral,
          mainiacjoe_overflow_brackets, hangedman_decor_opposing,
          hangedman_abyss_or_decor_stagger, minmay_hedge_maze, uniq_menkaure,
          uniq_edmund
D:6:      wad_lake_hut, layout_basic, minmay_temple_entry_poolview
D:7:      layout_cave_pools
D:8:      layout_basic, kennysheep_small_spiral, uniq_psyche, uniq_erica
Temple:   nicolae_temple_bog_church

Skill      XL: |  1  2  3  4  5  6  7  8  9 |
---------------+----------------------------+-----
Spellcasting   | 3 4 5 6 8 10 11 | 11.2
Fighting       | 1 2 3 4 5 6 |  6.4
Necromancy     | 5 6 7 |  7.6
Polearms       | 1 2 |  2.0
Dodging        | |  1.5
Stealth        | |  1.5

Action                   |  1- 3 |  4- 6 |  7- 9 || total
-------------------------+-------+-------+-------++-------
Melee: Unarmed           |     9 |       |       ||     9
       Dagger            |       |     3 |       ||     3
       Spear             |       |       |    58 ||    58
 Cast: Necrotise         |    66 |    94 |   165 ||   325
       Vampiric Draining |       |     2 |    14 ||    16
       Animate Dead      |       |       |     5 ||     5
Invok: Recall Ancestor   |       |       |     1 ||     1
Evoke: Wand              |       |     2 |     4 ||     6
  Use: Scroll            |       |     6 |     3 ||     9
 Stab: Distracted        |       |       |     1 ||     1
Armor: Robe              |     4 |     6 |    19 ||    29
Dodge: Dodged            |    11 |     5 |    63 ||    79
Block: Buckler           |       |       |     6 ||     6

Table legend: (Time is in decaauts)
 A = Elapsed time spent in this place.
 B = Non-inter-level travel time spent in this place.
 C = Inter-level travel time spent in this place.
 D = Time resting spent in this place.
 E = Time spent auto-exploring this place.
 F = Levels seen in this place.
 G = Mean time per level.
                   A        B        C        D        E       F      G
               +--------+--------+--------+--------+--------+-----+--------+
         Total |   7685 |   7519 |    166 |    925 |   5152 |   9 |  853.9 |
       Dungeon |   7457 |   7325 |    132 |    925 |   4976 |   8 |  932.1 |
        Temple |    227 |    193 |     34 |      0 |    175 |   1 |  227.0 |
               +--------+--------+--------+--------+--------+-----+--------+

Top non-repeatable levels by time:
     D:6: 1977 daAuts
     D:7: 1100 daAuts
     D:5: 1081 daAuts
     D:1: 1079 daAuts
     D:3: 769 daAuts
     D:2: 713 daAuts
     D:4: 643 daAuts
  Temple: 227 daAuts
     D:8: 92 daAuts
